 Dungeon Crawl Stone Soup version 0.18.1-5-g4a78601 (webtiles) character file.

1314 PossumBlood the Covered (level 8, 0/67 HPs)
             Began as a Formicid Fighter on May 12, 2016.
             Was a Believer of Okawaru.
             Splashed by a jelly's acid (8 damage)
             ... on level 5 of the Dungeon.
             The game lasted 00:22:20 (5633 turns).

PossumBlood the Covered (Formicid Fighter)          Turns: 5633, Time: 00:22:23

Health: 0/67       AC: -6    Str: 23    XL:     8   Next: 89%
Magic:  8/8        EV:  8    Int:  8    God:    Okawaru [**....]
Gold:   200        SH:  9    Dex: 10    Spells: 0 memorised, 7 levels left

rFire  . . .     SeeInvis +     a - +0 war axe
rCold  . . .     Gourm    .     b - +0 scale mail
rNeg   . . .     Faith    .     c - +0 shield
rPois  .         Spirit   .     (helmet unavailable)
rElec  .         Dismiss  .     w - +0 cloak
rCorr  .         Reflect  .     (no gloves)
SustAt .         Harm     .     (no boots)
MR     .....                    (no amulet)
Stlth  ..........               (no ring)
                                (no ring)

@: corroded, not resistant to hostile enchantments, extremely unstealthy
A: permanent stasis, dig shafts and tunnels, four strong arms, antennae 3
a: Dig, Shaft Self, Heroism, Renounce Religion


You were on level 5 of the Dungeon.
You worshipped Okawaru.
Okawaru was pleased with you.
You were not hungry.

You visited 1 branch of the dungeon, and saw 5 of its levels.
You also visited: Ossuary.

You collected 200 gold pieces.

Inventory:

Hand Weapons
 a - a +0 war axe (weapon)
Missiles
 r - 5 tomahawks (quivered)
Armour
 b - a +0 scale mail (worn)
 c - a +0 shield (worn)
 w - a +0 cloak (worn)
Wands
 l - a wand of random effects (21/48)
 p - a wand of random effects (21/48)
 v - a wand of digging (12/24)
Scrolls
 e - 3 scrolls of fear
 h - a scroll of amnesia {unknown}
 j - 5 scrolls of remove curse
 q - a scroll of enchant armour {unknown}
 s - a scroll of fog
 t - a scroll of teleportation {unknown}
 x - 2 scrolls of immolation {unknown}
 y - 2 scrolls of identify
 B - 2 scrolls of recharging {unknown}
Potions
 d - a potion of might
 g - a potion of cancellation
 i - a potion of curing
 k - a potion of ambrosia
 m - a potion of magic
 n - 2 potions of berserk rage {unknown}
 o - a potion of agility {unknown}
 u - a potion of degeneration {unknown}
 A - a potion of heal wounds {unknown}
 C - a potion of mutation {unknown}
 D - a potion of flight {unknown}
Comestibles
 f - a bread ration
 z - a meat ration


   Skills:
 * Level 7.1 Fighting
 - Level 6.3 Axes
 - Level 7.1 Armour
 - Level 3.6 Shields


You had 7 spell levels left.
You didn't know any spells.

Dungeon Overview and Level Annotations

Branches:
Dungeon (5/15)
 Temple: D:4-7

Altars:
Ashenzari
Okawaru
The Shining One


Innate Abilities, Weirdness & Mutations

You are under a permanent stasis effect.
You can dig through walls and to a lower floor.
Your four strong arms can wield two-handed weapons with a shield.
You have a pair of large antennae on your head (SInv).


Message History

You hit the jelly but do no damage. The acid corrodes you!
Your hands burn!
The jelly is heavily wounded.
The jelly hits you.
You are splashed with acid!
The acid burns!
You completely miss the jelly.
The jelly is heavily wounded.
The jelly hits you.
You are splashed with acid!
The acid corrodes you!
The acid burns!
* * * LOW HITPOINT WARNING * * *
The jelly completely misses you.
You hit the jelly. The acid corrodes you!
Your hands burn!
* * * LOW HITPOINT WARNING * * *
The jelly is severely wounded.
You block the jelly's attack.
You hit the jelly but do no damage.
Your hands burn!
* * * LOW HITPOINT WARNING * * *
The jelly is severely wounded.
The jelly hits you.
* * * LOW HITPOINT WARNING * * *
You are splashed with acid!
The acid burns!
You die...

#.. . ..# #.# # ###.
#.## #####.######...
... #).#
#.............#
####.###..#
#.###.###### .#
#...<.....# #.#
#..÷...##.# #..........
#.#
#.##......#.#..###..#.#
#.#
#.##.J>...#.#..###..#.#
#.#
#.(...@...#.........#.#
#.#
#.##.....####..####.#.#
#.# #.##...........#
#.#^# #######.#
#.###.#######.......#.#
........# #.# #.#
#..####.#.#
###########.# #.# #...#
#.#.# ..†.........# #.#
...<.# .. .############
#. ##...## .# #..####


You could see a jelly.

Vanquished Creatures
  Grinder (D:3)
  Sigmund (D:2)
  2 howler monkeys
  A crimson imp (D:5)
  A wasp zombie (D:5)
  A hound (D:5)
  3 orc priests
  5 orc wizards
  A centaur skeleton (D:4)
  Jessica (D:2)
  A giant frog skeleton (D:4)
  Terence (D:3)
  An iguana (D:4)
  3 worker ants
  4 big kobold zombies (Ossuary)
  A mummy (Ossuary)
  Robin (D:4)
  10 adders
  2 shadow imps (D:5)
  An ooze (D:4)
  3 worms
  4 dart slugs
  A giant gecko (D:2)
  14 orcs
  2 spectral bats (Ossuary)
  2 ball pythons (D:1)
  9 bats
  4 giant cockroaches
  8 gnoll zombies (Ossuary)
  13 goblins
  8 hobgoblins
  3 jackals (D:2)
  2 quokkas (D:2)
  5 bat simulacra (Ossuary)
  3 giant newts
  3 goblin simulacra (Ossuary)
  6 goblin zombies (Ossuary)
  3 hobgoblin zombies (Ossuary)
  3 kobolds
  2 kobold simulacra (Ossuary)
  6 kobold zombies (Ossuary)
  3 orc zombies (Ossuary)
  6 rats
  5 rat simulacra (Ossuary)
  6 spectral goblins (Ossuary)
  3 spectral kobolds (Ossuary)
  3 spectral rats (Ossuary)
172 creatures vanquished.

Vanquished Creatures (others)
  A jelly (D:5)
  A giant newt (D:5)
2 creatures vanquished.

Grand Total: 174 creatures vanquished

Notes
Turn   | Place    | Note
--------------------------------------------------------------
     0 | D:1      | PossumBlood the Formicid Fighter began the quest for the Orb.
     0 | D:1      | Reached XP level 1. HP: 18/18 MP: 1/1
   159 | D:1      | You fall through a shaft!
   167 | D:2      | Reached XP level 2. HP: 23/24 MP: 2/2
   301 | D:1      | Found a glowing golden altar of the Shining One.
   555 | D:1      | Reached XP level 3. HP: 21/29 MP: 3/3
   878 | D:2      | Noticed Jessica
   890 | D:2      | Killed Jessica
   890 | D:2      | Reached XP level 4. HP: 29/35 MP: 4/4
   952 | D:2      | Found an iron altar of Okawaru.
   966 | D:2      | Became a worshipper of Warmaster Okawaru
  1542 | D:2      | Reached XP level 5. HP: 39/41 MP: 5/5
  1713 | D:2      | Noticed Sigmund
  1735 | D:2      | Killed Sigmund
  1735 | D:2      | Reached XP level 6. HP: 34/47 MP: 6/6
  2123 | D:3      | Noticed Terence
  2132 | D:3      | Killed Terence
  2236 | D:3      | Noticed Grinder
  2270 | D:3      | Killed Grinder
  2270 | D:3      | Reached * piety under Okawaru
  2270 | D:3      | Reached skill level 5 in Fighting
  2270 | D:3      | Reached XP level 7. HP: 7/57 MP: 7/7
  2587 | D:3      | Found a shattered altar of Ashenzari.
  3478 | D:4      | Reached skill level 5 in Armour
  3478 | D:4      | Reached XP level 8. HP: 52/64 MP: 8/8
  3664 | D:4      | Reached ** piety under Okawaru
  4233 | D:4      | Noticed Robin
  4240 | D:4      | Killed Robin
  4444 | D:5      | Entered Level 5 of the Dungeon
  4968 | D:5      | Found a sand-covered staircase.
  4976 | Ossuary  | Entered an ossuary
  5633 | D:5      | Splashed by a jelly's acid

Skill      XL: |  1  2  3  4  5  6  7  8 |
---------------+-------------------------+-----
Axes           | 3 4 6 |  6.3
Fighting       | 5 7 |  7.1
Armour         | 5 7 |  7.1
Shields        | |  3.6

Action                   |  1- 3 |  4- 6 |  7- 9 || total
-------------------------+-------+-------+-------++-------
Melee: War axe           |    85 |   151 |   396 ||   632
  Use: Scroll            |       |       |     7 ||     7
  Eat: Royal jelly       |       |     1 |     1 ||     2
       Bread ration      |       |     1 |     2 ||     3
       Beef jerky        |       |       |     1 ||     1
Armor: Scale mail        |    39 |    66 |   148 ||   253
Dodge: Dodged            |    32 |    37 |   116 ||   185
Block: Shield            |    47 |    92 |   168 ||   307
